[Event "Titled Tuesday Blitz July 4 Early 2023"]
[White "Coelho, Ramyres Santana"]
[Black "Guevara Sanchez, Erick Marvin"]
[WhiteFideId "2120690"]
[BlackFideId "6700136"]
[WhiteElo "2298"]
[BlackElo "2057"]
[Result "1-0"]
[Round "6"]
[TimeControl "180+2"]
[Date "2023.07.04"]
[WhiteClock "0:00:12"]
[BlackClock "0:02:06"]
[Board "197"]

1. e4 c5 2. Nf3 d6 3. d4 cxd4 4. Nxd4 Nf6 5. Nc3 g6 6. f4 Bg7 7. e5 dxe5 8. fxe5 Nfd7 9. e6 Nc5 10. exf7+ Kf8 11. Be3 Nbd7 12. b4 Qb6 13. bxc5 Nxc5 14. Bc4 Qb4 15. O-O Qxc3 16. Qe2 Bxd4 17. Bxd4 Qxd4+ 18. Kh1 Bg4 19. Qf2 Qxc4 20. Qd2 Ne4 21. Qh6# 1-0


[Site "https://www.chess.com"]

[Event "Titled Tuesday Blitz July 4 Early 2023"]
[White "Winkels, Marcel"]
[Black "Legenia, Artem"]
[WhiteFideId "1003887"]
[BlackFideId "14136945"]
[WhiteElo "2056"]
[BlackElo "2289"]
[Result "0-1"]
[Round "6"]
[TimeControl "180+2"]
[Date "2023.07.04"]
[WhiteClock "0:00:00"]
[BlackClock "0:00:58"]
[Board "198"]

1. e4 d5 2. exd5 Qxd5 3. Nc3 Qa5 4. d4 Nf6 5. Nf3 Bg4 6. Bc4 Nc6 7. h3 Qh5 8. Be2 O-O-O 9. Be3 e5 10. d5 Bb4 11. O-O Bxc3 12. bxc3 Rxd5 13. hxg4 Qxg4 14. Qe1 e4 15. Nd4 Qh4 16. f4 Qh6 17. Rd1 Nxd4 18. Rxd4 Rxd4 19. Bxd4 Nd5 20. c4 Nxf4 21. Be3 Nh3+ 22. gxh3 Qxe3+ 23. Kh2 Kb8 24. Bg4 Qd4 0-1


[Site "https://www.chess.com"]

[Event "Titled Tuesday Blitz July 4 Early 2023"]
[White "Kostiukov, Alexandr"]
[Black "Goughfather"]
[WhiteFideId "14108100"]
[WhiteElo "2287"]
[BlackElo "2041"]
[Result "1-0"]
[Round "6"]
[TimeControl "180+2"]
[Date "2023.07.04"]
[WhiteClock "0:01:32"]
[BlackClock "0:00:00"]
[Board "199"]

1. g3 d5 2. Bg2 c6 3. d3 Nf6 4. e4 dxe4 5. dxe4 Qxd1+ 6. Kxd1 e5 7. f3 Bc5 8. Nd2 O-O 9. a4 a5 10. c3 Be6 11. Bh3 Bxh3 12. Nxh3 Rd8 13. Ke2 Nbd7 14. Nc4 Bb6 15. Be3 Bc7 16. Rhd1 Nf8 17. Rxd8 Rxd8 18. Bb6 Bxb6 19. Nxb6 N6d7 20. Nc4 b6 21. Nf2 f6 22. Nd3 Kf7 23. b4 axb4 24. cxb4 Ra8 25. a5 bxa5 26. bxa5 Ke6 27. f4 Ra6 28. Nb4 Ra8 29. Nxc6 Nc5 30. Ke3 1-0


[Site "https://www.chess.com"]

[Event "Titled Tuesday Blitz July 4 Early 2023"]
[White "Vargas, Mauricio"]
[Black "Kuchava, Ana"]
[WhiteFideId "4404572"]
[BlackFideId "13605348"]
[WhiteElo "1883"]
[BlackElo "2280"]
[Result "0-1"]
[Round "6"]
[TimeControl "180+2"]
[Date "2023.07.04"]
[WhiteClock "0:00:00"]
[BlackClock "0:00:06"]
[Board "200"]

1. e4 c5 2. f3 Nc6 3. Nc3 d6 4. g4 e6 5. h4 Be7 6. g5 h6 7. d3 hxg5 8. h5 d5 9. Bd2 d4 10. Nce2 e5 11. Ng3 Be6 12. a3 Qd7 13. Bh3 c4 14. Bxe6 Qxe6 15. Nf5 Bf6 16. Qe2 cxd3 17. Qxd3 Nge7 18. Ng3 Rc8 19. N1e2 a6 20. O-O-O Qa2 21. Be1 Qa1+ 22. Kd2 Qxb2 23. Qb3 Qxb3 24. cxb3 Na5 25. Rb1 O-O 26. Kd1 Nac6 27. Nc1 Rfd8 28. Nd3 b5 29. Rh2 Kh7 30. Rc2 Na7 31. Rh2 Rc6 32. Nb4 Rcd6 33. Nf5 Nxf5 34. exf5 a5 35. Nd3 Nc6 36. Bd2 b4 37. axb4 axb4 38. Nxb4 Nxb4 39. Bxb4 Rc6 40. Bd2 Rb8 41. b4 Be7 42. Rg2 f6 43. b5 Rcb6 44. f4 Rxb5 45. fxg5 Rxb1+ 46. Kc2 fxg5 47. Bxg5 Bxg5 48. Rxg5 R1b2+ 49. Kd3 R8b3+ 50. Ke4 Re3+ 51. Kd5 d3 52. Rg6 d2 53. f6 d1=Q+ 54. Ke6 Qb3+ 55. Kf5 Qc2+ 56. Ke6 Rb6+ 57. Ke7 Qc7+ 0-1


[Site "https://www.chess.com"]

[Event "Titled Tuesday Blitz July 4 Early 2023"]
[White "Csonka, Balazs"]
[Black "Skiadopoulos, Nikolaos"]
[WhiteFideId "742910"]
[BlackFideId "4200772"]
[WhiteElo "2727"]
[BlackElo "1887"]
[Result "1-0"]
[Round "6"]
[TimeControl "180+2"]
[Date "2023.07.04"]
[WhiteClock "0:01:16"]
[BlackClock "0:00:00"]
[Board "201"]

1. d4 Nf6 2. c4 c5 3. d5 b5 4. cxb5 a6 5. bxa6 e6 6. Nc3 Nxa6 7. e4 exd5 8. e5 d4 9. exf6 dxc3 10. Qe2+ Be7 11. Qxe7+ Qxe7+ 12. fxe7 cxb2 13. Bxb2 Nb4 14. Rc1 Kxe7 15. a3 Nc6 16. Rxc5 f6 17. Nf3 Rb8 18. Rc2 Re8 19. Be2 Ne5 20. Nxe5 fxe5 21. O-O d6 22. Rd2 Rb6 23. f4 e4 24. Bxg7 Ba6 25. Bxa6 Rxa6 26. Ra1 Ke6 27. a4 Rea8 28. Rda2 Kf5 29. g3 e3 30. Ra3 Ke4 31. Re1 Rxa4 32. Rexe3+ Kf5 33. Rxa4 Rxa4 34. Re2 1-0


[Site "https://www.chess.com"]

[Event "Titled Tuesday Blitz July 4 Early 2023"]
[White "Ivanova, Karina"]
[Black "Ho, In Hei Henry"]
[WhiteFideId "24139750"]
[BlackFideId "6002552"]
[WhiteElo "2201"]
[BlackElo "2066"]
[Result "1-0"]
[Round "6"]
[TimeControl "180+2"]
[Date "2023.07.04"]
[WhiteClock "0:00:29"]
[BlackClock "0:00:00"]
[Board "202"]

1. Nf3 Nf6 2. g3 g6 3. Bg2 Bg7 4. O-O O-O 5. c4 c6 6. d4 d5 7. b3 Bg4 8. Bb2 Nbd7 9. Nc3 Rc8 10. h3 Bxf3 11. Bxf3 e5 12. cxd5 e4 13. Nxe4 cxd5 14. Nxf6+ Nxf6 15. Rc1 Qd7 16. Bg2 Qf5 17. Qd2 Ne4 18. Qd3 Bh6 19. e3 Rxc1 20. Bxc1 Rc8 21. Bb2 b5 22. Qe2 b4 23. Rc1 Rxc1+ 24. Bxc1 Nc3 25. Qb2 Qd3 26. Bf1 Qf5 27. Bd2 Ne4 28. Bxb4 Bg5 29. Be1 h5 30. h4 Qg4 31. hxg5 Nxg5 32. Bg2 h4 33. Kf1 h3 34. Bh1 h2 35. f4 Ne4 36. Qxh2 1-0


[Site "https://www.chess.com"]

[Event "Titled Tuesday Blitz July 4 Early 2023"]
[White "Mendez, Ruddy Antonio"]
[Black "Horokoskii"]
[WhiteFideId "6403387"]
[WhiteElo "2264"]
[BlackElo "2081"]
[Result "1-0"]
[Round "6"]
[TimeControl "180+2"]
[Date "2023.07.04"]
[WhiteClock "0:01:23"]
[BlackClock "0:00:04"]
[Board "203"]

1. d4 Nf6 2. c4 c5 3. d5 e6 4. Nc3 exd5 5. cxd5 d6 6. Nf3 g6 7. g3 Bg7 8. Bg2 O-O 9. O-O Re8 10. Nd2 Nbd7 11. h3 a6 12. a4 b6 13. Nc4 Ne5 14. Na3 Rb8 15. f4 Ned7 16. Kh2 Qe7 17. e4 Bb7 18. Re1 Nh5 19. Nc4 b5 20. axb5 axb5 21. Nxb5 Nhf6 22. Nbxd6 Bxd5 23. Nxe8 Bxc4 24. Nxf6+ Nxf6 25. e5 Ne8 26. Qc2 Be6 27. b3 h5 28. Ra3 h4 29. g4 Nc7 30. Ra7 Qd8 31. Qxc5 Nb5 32. Rb7 Rxb7 33. Bxb7 Nc7 34. Be3 Qb8 35. Qa7 Qd8 36. b4 Qd3 37. Bg2 Nd5 38. Qd4 Qa3 39. Bxd5 Bxd5 40. Qxd5 Qa2+ 41. Qxa2 1-0


[Site "https://www.chess.com"]

[Event "Titled Tuesday Blitz July 4 Early 2023"]
[White "Allam, Yara"]
[Black "Sariego Figueredo, Wilfredo"]
[WhiteFideId "10615709"]
[BlackFideId "3500080"]
[WhiteElo "2059"]
[BlackElo "2191"]
[Result "0-1"]
[Round "6"]
[TimeControl "180+2"]
[Date "2023.07.04"]
[WhiteClock "0:00:00"]
[BlackClock "0:00:30"]
[Board "204"]

1. e4 c5 2. Nf3 a6 3. d4 cxd4 4. Nxd4 Nf6 5. Nc3 e5 6. Nb3 Bb4 7. Qd3 d5 8. Bd2 d4 9. Ne2 Bxd2+ 10. Nxd2 Nc6 11. a3 O-O 12. O-O-O Ng4 13. Qg3 f5 14. h3 Nf6 15. f4 exf4 16. Qxf4 fxe4 17. Nxe4 Nd5 18. Qd6 Ne3 19. Re1 Bf5 20. Qxd8 Raxd8 21. N2g3 Bg6 22. Rg1 Rf4 23. Bd3 Ne5 24. Nc5 Nxd3+ 25. cxd3 Rc8 26. b4 b6 27. Ne2 Rf2 28. Nxd4 bxc5 0-1


[Site "https://www.chess.com"]

[Event "Titled Tuesday Blitz July 4 Early 2023"]
[White "HeinichessPY"]
[Black "Semenova, Alina"]
[BlackFideId "24113875"]
[WhiteElo "2151"]
[BlackElo "2052"]
[Result "0-1"]
[Round "6"]
[TimeControl "180+2"]
[Date "2023.07.04"]
[WhiteClock "0:00:00"]
[BlackClock "0:00:01"]
[Board "205"]

1. e4 e5 2. Nf3 Nf6 3. Nxe5 d6 4. Nf3 Nxe4 5. Nc3 Nxc3 6. dxc3 Be7 7. Be3 O-O 8. Qd2 Be6 9. O-O-O Nc6 10. Kb1 Bf6 11. Ng5 a5 12. Bd3 h6 13. h4 a4 14. g4 a3 15. b3 Ne5 16. Nxe6 fxe6 17. g5 Nxd3 18. Qxd3 Be5 19. gxh6 c5 20. Rdg1 Rf7 21. Qg6 Qd7 22. h5 c4 23. Bd4 cxb3 24. cxb3 Rc8 25. Rh3 Bxd4 26. cxd4 Qc7 27. hxg7 Rf5 28. Qxe6+ Rf7 29. Qe2 Rxg7 30. Rxg7+ Kxg7 31. h6+ Kh8 32. Rh1 Qf7 33. Re1 Qg6+ 34. Ka1 Qf6 35. Qe3 Rf8 0-1


[Site "https://www.chess.com"]

[Event "Titled Tuesday Blitz July 4 Early 2023"]
[White "BebeBonito2022"]
[Black "NtcPou"]
[WhiteElo "2134"]
[BlackElo "2036"]
[Result "1-0"]
[Round "6"]
[TimeControl "180+2"]
[Date "2023.07.04"]
[WhiteClock "0:00:32"]
[BlackClock "0:00:36"]
[Board "206"]

1. d4 d5 2. c4 c6 3. Nc3 Nf6 4. e3 a6 5. Nf3 Bf5 6. Ne5 h6 7. cxd5 cxd5 8. g4 Bh7 9. Qb3 Ra7 10. Bd2 e6 11. Rc1 Nbd7 12. Bb5 Bd6 13. Qa4 Ke7 14. Bxd7 Nxd7 15. Nxd7 Qxd7 16. Qxd7+ Kxd7 17. Na4 b5 18. Nb6+ Ke7 19. Nc8+ Rxc8 20. Rxc8 Be4 21. O-O Bf3 22. h3 Kf6 23. Rfc1 Kg5 24. R1c6 Rd7 25. e4+ Kh4 26. e5 Be7 27. Kh2 Be4 28. f4 f5 29. Be1# 1-0


[Site "https://www.chess.com"]

[Event "Titled Tuesday Blitz July 4 Early 2023"]
[White "Politov, Pavel Y."]
[Black "Suduvasachmatai"]
[WhiteFideId "24110515"]
[WhiteElo "2033"]
[BlackElo "2095"]
[Result "1-0"]
[Round "6"]
[TimeControl "180+2"]
[Date "2023.07.04"]
[WhiteClock "0:01:48"]
[BlackClock "0:01:50"]
[Board "207"]

1. e4 c5 2. Nf3 d6 3. d4 cxd4 4. Nxd4 Nf6 5. Nc3 a6 6. f3 e6 7. Be3 Be7 8. Qd2 O-O 9. g4 Nfd7 10. O-O-O Ne5 11. h4 Nbc6 12. Qf2 Nxd4 13. Bxd4 Bf6 14. g5 Nc6 15. gxf6 Nxd4 16. Qxd4 Qxf6 17. Qxf6 gxf6 18. Rxd6 e5 1-0


[Site "https://www.chess.com"]

[Event "Titled Tuesday Blitz July 4 Early 2023"]
[White "Cramling Bellon, Anna"]
[Black "Lohani, Sujana"]
[WhiteFideId "32009232"]
[BlackFideId "12311987"]
[WhiteElo "2073"]
[BlackElo "1917"]
[Result "1-0"]
[Round "6"]
[TimeControl "180+2"]
[Date "2023.07.04"]
[WhiteClock "0:01:42"]
[BlackClock "0:00:00"]
[Board "208"]

1. d4 Nf6 2. c4 g6 3. Nc3 Bg7 4. e4 O-O 5. h3 d6 6. Nf3 Na6 7. Bg5 c5 8. d5 Nc7 9. Bd3 a6 10. a4 Bd7 11. O-O Rb8 12. e5 dxe5 13. Nxe5 Be8 14. Qe2 e6 15. Ng4 exd5 16. cxd5 Ncxd5 17. Nxd5 Qxd5 18. Bxf6 Bc6 19. Ne3 Qe6 20. Bxg7 Kxg7 21. Bc4 Qe4 22. Qc2 Qf4 23. Qc3+ Kg8 24. Rad1 Rfd8 25. Qb3 Rd4 26. Ng4 h5 27. Bxf7+ Qxf7 28. Nh6+ Kg7 29. Qxf7+ Kxh6 30. Rxd4 cxd4 31. Rd1 1-0


[Site "https://www.chess.com"]

[Event "Titled Tuesday Blitz July 4 Early 2023"]
[White "Sarana, Alexey"]
[Black "Martinez Alcantara, Jose Eduardo"]
[WhiteFideId "24133795"]
[BlackFideId "3805662"]
[WhiteElo "3059"]
[BlackElo "3042"]
[Result "1-0"]
[Round "7"]
[TimeControl "180+2"]
[Date "2023.07.04"]
[WhiteClock "0:02:30"]
[BlackClock "0:00:50"]
[Board "1"]

1. d4 Nf6 2. c4 e6 3. Nc3 Bb4 4. e3 O-O 5. Bd3 d5 6. a3 Bxc3+ 7. bxc3 dxc4 8. Bxc4 c5 9. Ne2 Qc7 10. Ba2 b6 11. O-O Ba6 12. Re1 Nc6 13. Ng3 Rad8 14. Bb2 Na5 15. e4 Bc4 16. Bc1 cxd4 17. cxd4 Bxa2 18. Rxa2 Qc4 19. Bg5 Qxa2 20. Bxf6 gxf6 21. Qg4+ Kh8 22. Qf4 f5 23. Nh5 f6 24. Qc7 Rg8 25. Nxf6 1-0


[Site "https://www.chess.com"]

[Event "Titled Tuesday Blitz July 4 Early 2023"]
[White "Mamedov, Rauf"]
[Black "Rahman, Masruri"]
[WhiteFideId "13401653"]
[BlackFideId "7101163"]
[WhiteElo "3049"]
[BlackElo "2862"]
[Result "1-0"]
[Round "7"]
[TimeControl "180+2"]
[Date "2023.07.04"]
[WhiteClock "0:00:36"]
[BlackClock "0:00:03"]
[Board "2"]

1. e4 e6 2. d4 d5 3. Nd2 c5 4. Ngf3 Nf6 5. e5 Nfd7 6. c3 Nc6 7. Bd3 cxd4 8. cxd4 Qb6 9. O-O Nxd4 10. Nxd4 Qxd4 11. Nf3 Qb6 12. a3 g6 13. Qa4 Bg7 14. Be3 Qd8 15. Bg5 Qb6 16. Be3 Qd8 17. Bc5 Bf8 18. Bxf8 Kxf8 19. Rac1 Kg7 20. Rc3 b6 21. Qf4 Nc5 22. Nd4 h6 23. h4 g5 24. Qg3 Nxd3 25. Qxd3 a5 26. Rfc1 Ba6 27. Qf3 Rc8 28. Nc6 Rxc6 29. Rxc6 gxh4 30. Rd1 Rf8 31. Rd4 Kh7 32. Rg4 Bb7 33. Rd6 Qe7 34. Qf4 f5 35. Rxh4 Rg8 36. Qxh6# 1-0


[Site "https://www.chess.com"]

[Event "Titled Tuesday Blitz July 4 Early 2023"]
[White "Korobov, Anton"]
[Black "Dubov, Daniil"]
[WhiteFideId "14105730"]
[BlackFideId "24126055"]
[WhiteElo "2984"]
[BlackElo "3092"]
[Result "1-0"]
[Round "7"]
[TimeControl "180+2"]
[Date "2023.07.04"]
[WhiteClock "0:00:13"]
[BlackClock "0:00:01"]
[Board "3"]

1. d4 Nf6 2. c4 e6 3. Nf3 d5 4. Nc3 Be7 5. Bg5 h6 6. Bh4 O-O 7. e3 b6 8. Be2 Bb7 9. Bxf6 Bxf6 10. cxd5 exd5 11. b4 c5 12. bxc5 bxc5 13. Rb1 Bc6 14. O-O Nd7 15. Bb5 Qc7 16. Bxc6 Qxc6 17. Qb3 cxd4 18. Nxd5 dxe3 19. Nxe3 Nb6 20. Rbc1 Qe4 21. h3 Rac8 22. Ng4 Qf4 23. Rcd1 h5 24. Nxf6+ Qxf6 25. Qa3 Rc7 26. Rfe1 Rfc8 27. h4 g6 28. Ng5 Qc3 29. Qd6 Rd7 30. Qf4 Rcd8 31. Kh2 Qc6 32. Rxd7 Qxd7 33. g3 Re8 34. Rd1 Qe7 35. Rd3 f6 36. Nf3 Qf7 37. Rd6 Nd7 38. Qd4 Ne5 39. Nxe5 fxe5 40. Qd2 Rf8 41. Kg1 Kg7 42. Rd7 1-0


[Site "https://www.chess.com"]

[Event "Titled Tuesday Blitz July 4 Early 2023"]
[White "Pranav, V"]
[Black "Gholami Orimi, Mahdi"]
[WhiteFideId "25060783"]
[BlackFideId "12558486"]
[WhiteElo "3011"]
[BlackElo "2884"]
[Result "1-0"]
[Round "7"]
[TimeControl "180+2"]
[Date "2023.07.04"]
[WhiteClock "0:00:04"]
[BlackClock "0:00:07"]
[Board "4"]

1. e4 g6 2. d4 Bg7 3. Nc3 c6 4. Nf3 d5 5. h3 dxe4 6. Nxe4 Nf6 7. Nxf6+ exf6 8. Bd3 O-O 9. O-O Nd7 10. c4 Re8 11. Be3 Nf8 12. Qd2 Be6 13. Rfe1 Qd7 14. b3 g5 15. Rad1 Rad8 16. Qc2 Qc8 17. h4 h6 18. hxg5 hxg5 19. Nh2 f5 20. Bxg5 Rxd4 21. Be3 Rh4 22. Nf3 Rg4 23. Bf1 Ng6 24. Bd4 Nf4 25. Bxg7 Rxg7 26. g3 Qc7 27. Qc3 Nh5 28. Qe5 Qb6 29. c5 Qa5 30. Nd4 f6 31. Qd6 Rd7 32. Nxe6 Rxd6 33. cxd6 Ng7 34. d7 Rd8 35. Nxd8 Qxd8 36. Bc4+ Kh7 37. Bf7 f4 38. Re8 Nxe8 39. dxe8=Q Qxd1+ 40. Kg2 Qg4 41. Qe4+ Kg7 42. Qe7 f3+ 43. Kg1 Qd4 44. Bh5+ Kh6 45. Bxf3 Kg5 46. Kg2 b5 47. Bxc6 1-0


[Site "https://www.chess.com"]

[Event "Titled Tuesday Blitz July 4 Early 2023"]
[White "Nihal Sarin"]
[Black "Samadov, Read"]
[WhiteFideId "25092340"]
[BlackFideId "13417444"]
[WhiteElo "3123"]
[BlackElo "2860"]
[Result "1-0"]
[Round "7"]
[TimeControl "180+2"]
[Date "2023.07.04"]
[WhiteClock "0:01:22"]
[BlackClock "0:00:47"]
[Board "5"]

1. d4 Nf6 2. Nf3 g6 3. Nbd2 d5 4. b3 Bg7 5. Bb2 O-O 6. e3 b6 7. c4 c6 8. Bd3 Bb7 9. O-O Nbd7 10. cxd5 cxd5 11. Rc1 Rc8 12. Qe2 Rxc1 13. Rxc1 Qb8 14. Ba3 Re8 15. Bb5 Bf8 16. Ne5 Rd8 17. Ndf3 e6 18. Bxf8 Kxf8 19. g4 Nxe5 20. Nxe5 Kg7 21. Qf3 Rf8 22. g5 Ne4 23. Nd7 Qd8 24. Nxf8 Kxf8 25. h4 Kg7 26. Qf4 a6 27. Rc7 Qf8 28. Bd7 1-0


[Site "https://www.chess.com"]

[Event "Titled Tuesday Blitz July 4 Early 2023"]
[White "Beerdsen, Thomas"]
[Black "Paravyan, David"]
[WhiteFideId "1030108"]
[BlackFideId "4194985"]
[WhiteElo "2840"]
[BlackElo "2987"]
[Result "0-1"]
[Round "7"]
[TimeControl "180+2"]
[Date "2023.07.04"]
[WhiteClock "0:00:30"]
[BlackClock "0:01:22"]
[Board "6"]

1. e4 e5 2. Bc4 Nf6 3. d3 c6 4. Bb3 a5 5. a4 d5 6. Nf3 Bb4+ 7. Bd2 Bxd2+ 8. Nbxd2 Nbd7 9. O-O O-O 10. exd5 cxd5 11. Re1 Re8 12. Nf1 Qc7 13. Ne3 Nb6 14. d4 e4 15. Ne5 Be6 16. c3 Nfd7 17. f4 f5 18. Qh5 Nxe5 19. fxe5 f4 20. Nf5 g6 21. Nh6+ Kg7 22. Qg5 Qe7 23. h4 Qxg5 24. hxg5 Rf8 25. Rf1 Nc4 26. Bxc4 dxc4 27. Rae1 e3 28. Kh2 Ra6 29. g3 Rb6 30. gxf4 Rxb2+ 31. Kg3 e2 32. Rf2 Rc2 33. Rf3 b5 34. axb5 a4 35. Re3 a3 36. f5 gxf5 37. R3xe2 f4+ 38. Kf2 Rxc3 39. d5 Bxd5 40. e6 Rf3+ 41. Kg1 Rg3+ 42. Kh2 Rxg5 43. e7 Re8 44. Re5 Kxh6 45. b6 Rxe5 46. Rxe5 a2 0-1


[Site "https://www.chess.com"]

[Event "Titled Tuesday Blitz July 4 Early 2023"]
[White "Oparin, Grigoriy"]
[Black "Harshavardhan G B"]
[WhiteFideId "24125890"]
[BlackFideId "25059009"]
[WhiteElo "2978"]
[BlackElo "2837"]
[Result "0-1"]
[Round "7"]
[TimeControl "180+2"]
[Date "2023.07.04"]
[WhiteClock "0:00:15"]
[BlackClock "0:00:27"]
[Board "7"]

1. d4 Nf6 2. c4 e6 3. Nc3 Bb4 4. Nf3 b6 5. e3 Bb7 6. Bd3 Ne4 7. O-O f5 8. a3 Bxc3 9. bxc3 O-O 10. Nd2 Qh4 11. f3 Nxd2 12. Bxd2 Nc6 13. Be1 Qh6 14. Qd2 Na5 15. Rb1 d6 16. Bg3 Rad8 17. Qe2 c5 18. Rbd1 Qf6 19. e4 f4 20. e5 dxe5 21. dxe5 Qg5 22. Bf2 Ba6 23. Rfe1 Qe7 24. h4 g6 25. h5 Qg5 26. hxg6 hxg6 27. Qe4 Kg7 28. Bc2 Bb7 29. Qe2 Ba6 30. Rd6 Nxc4 31. Rxe6 Ne3 32. Bh4 Qxh4 33. Rxg6+ Kh8 34. c4 Bxc4 35. Qf2 Qxf2+ 36. Kxf2 Rd2+ 37. Kg1 Rxc2 38. e6 Re8 0-1


[Site "https://www.chess.com"]

[Event "Titled Tuesday Blitz July 4 Early 2023"]
[White "Indjic, Aleksandar"]
[Black "Lin, Dachey"]
[WhiteFideId "911925"]
[BlackFideId "2029650"]
[WhiteElo "2974"]
[BlackElo "2797"]
[Result "0-1"]
[Round "7"]
[TimeControl "180+2"]
[Date "2023.07.04"]
[WhiteClock "0:00:16"]
[BlackClock "0:00:24"]
[Board "8"]

1. d4 g6 2. e4 Bg7 3. Nc3 d5 4. exd5 Nf6 5. Bb5+ Nbd7 6. Qf3 O-O 7. Bc4 Nb6 8. Bb3 Bg4 9. Qg3 Bf5 10. Nge2 Nfxd5 11. Nxd5 Nxd5 12. O-O c6 13. c3 a5 14. a4 Qb6 15. Bc4 Rfe8 16. Nf4 Nxf4 17. Bxf4 Qxb2 18. h4 Qb6 19. h5 e5 20. dxe5 Qc5 21. Ba2 Bxe5 22. hxg6 hxg6 23. Rfe1 Bxf4 24. Qxf4 Qxc3 25. Rec1 Qe5 26. Qf3 Kg7 27. Qb3 Re7 28. Re1 Qf6 29. Rxe7 Qxe7 30. Rd1 Rh8 31. Qc3+ Qf6 32. Qxa5 Qb2 33. Bxf7 Kxf7 34. Qc7+ Kf6 35. Re1 Qb4 36. Qe5+ Kf7 37. a5 Rd8 38. Rc1 Rd7 39. a6 Re7 40. Qh8 Re1+ 41. Rxe1 Qxe1+ 42. Kh2 bxa6 43. Qh7+ Kf6 44. f4 Qe4 45. Qh8+ Ke6 46. Qg8+ Kd6 47. Qf8+ Kd5 48. Qd8+ Kc4 49. Qd2 c5 50. Qa2+ Kb5 51. Qb2+ Qb4 52. Qe2+ c4 53. Qe5+ Ka4 54. g4 Bd3 55. f5 gxf5 56. g5 f4 57. Qd5 Qd2+ 58. Kh3 Bf1+ 59. Kh4 Qxd5 0-1


[Site "https://www.chess.com"]

[Event "Titled Tuesday Blitz July 4 Early 2023"]
[White "Matlakov, Maxim"]
[Black "Tristan, Leonardo"]
[WhiteFideId "4168003"]
[BlackFideId "113816"]
[WhiteElo "2936"]
[BlackElo "2797"]
[Result "1-0"]
[Round "7"]
[TimeControl "180+2"]
[Date "2023.07.04"]
[WhiteClock "0:00:31"]
[BlackClock "0:00:05"]
[Board "9"]

1. e4 d5 2. exd5 Qxd5 3. Nc3 Qa5 4. g3 e5 5. Bg2 Nf6 6. d3 c6 7. Nf3 Bd6 8. O-O O-O 9. Re1 h6 10. Nd2 Be6 11. Nde4 Nxe4 12. Nxe4 Be7 13. Bd2 Qc7 14. Qh5 Nd7 15. Bc3 f5 16. Nd2 Bf6 17. Bh3 Bg5 18. Rad1 Qb6 19. Nc4 Bxc4 20. dxc4 Nf6 21. Qf3 Ng4 22. Bxe5 Nxe5 23. Rxe5 Qxb2 24. Rxf5 Qxc2 25. Rd7 Qxc4 26. Rxb7 Qxa2 27. Qxc6 Bf6 28. Rf4 Kh8 29. Kg2 a5 30. Be6 Qe2 31. Bc4 Qe5 32. Re4 Qf5 33. Rb5 Qg6 34. Bd3 Qf7 35. Rf4 Qe7 36. Rb7 Qe5 37. Rb5 Qc3 38. Qe4 Kg8 39. Rb7 Rf7 40. Rxf7 Kxf7 41. Bc4+ Kf8 42. Qxa8+ 1-0


[Site "https://www.chess.com"]

[Event "Titled Tuesday Blitz July 4 Early 2023"]
[White "Harsh Suresh"]
[Black "Chigaev, Maksim"]
[WhiteFideId "45018464"]
[BlackFideId "4108116"]
[WhiteElo "2787"]
[BlackElo "2936"]
[Result "1/2-1/2"]
[Round "7"]
[TimeControl "180+2"]
[Date "2023.07.04"]
[WhiteClock "0:00:24"]
[BlackClock "0:00:05"]
[Board "10"]

1. d4 Nf6 2. Nf3 g6 3. Nc3 Bg7 4. e4 d5 5. e5 Ne4 6. Bd3 Nxc3 7. bxc3 c5 8. O-O Nc6 9. a4 Bg4 10. Be3 O-O 11. h3 Bd7 12. Nd2 c4 13. Be2 Qa5 14. Nb1 Rad8 15. f4 f6 16. Bf3 e6 17. Qc1 b5 18. Qa3 fxe5 19. fxe5 b4 20. cxb4 Nxb4 21. Bd2 Rb8 22. Ra2 Qb6 23. Bxb4 Qxb4 24. Qxb4 Rxb4 25. Nc3 Bh6 26. Kf2 Bd2 27. Ne2 Kf7 28. c3 Bxc3 29. Nxc3 Rb3 30. Rc1 Ke7 31. Ke2 Bc6 32. Kd2 Rfb8 33. Kc2 a6 34. h4 h6 35. h5 g5 36. Bg4 Rf8 37. Bf3 Rf4 38. Ne2 Rf8 39. Rb1 Rfb8 40. Nc3 Rxb1 41. Nxb1 Rf8 42. Kd2 g4 43. Ke3 gxf3 44. gxf3 Rf5 45. Rb2 Rxh5 46. Nc3 Rh1 47. Rb6 Bd7 48. Rxa6 Rc1 49. Kd2 Rf1 50. Ke2 Rc1 51. Kd2 Rf1 52. Ke2 Rc1 53. Kd2 1/2-1/2


[Site "https://www.chess.com"]

[Event "Titled Tuesday Blitz July 4 Early 2023"]
[White "Svane, Rasmus"]
[Black "Atakhan, Abtin"]
[WhiteFideId "4657101"]
[BlackFideId "22502203"]
[WhiteElo "2922"]
[BlackElo "2762"]
[Result "1/2-1/2"]
[Round "7"]
[TimeControl "180+2"]
[Date "2023.07.04"]
[WhiteClock "0:00:12"]
[BlackClock "0:00:07"]
[Board "11"]

1. Nf3 Nf6 2. g3 g6 3. Bg2 Bg7 4. O-O O-O 5. d4 d5 6. c4 c6 7. Qb3 dxc4 8. Qxc4 Bf5 9. Nc3 Nbd7 10. Qb3 Qb6 11. Re1 Ne4 12. Nh4 Nxc3 13. bxc3 Be6 14. Qc2 Qa6 15. e4 Nb6 16. Nf3 Rac8 17. a4 Bc4 18. Ba3 Rfe8 19. Bb4 Nd7 20. Ba3 c5 21. d5 e6 22. dxe6 Rxe6 23. Bh3 Re7 24. Rad1 Rc7 25. Bxd7 Rexd7 26. Rxd7 Rxd7 27. Bxc5 Rd3 28. Nd4 b6 29. Bd6 Qa5 30. Bb4 Qh5 31. Ne2 Qf3 32. Nf4 Rd7 33. a5 bxa5 34. Bxa5 h5 35. Qc1 h4 36. gxh4 Bh6 37. Qe3 Qxf4 38. Qxf4 Bxf4 39. e5 Re7 40. Re4 Rxe5 41. Rxc4 Bxh2+ 42. Kxh2 Rxa5 43. Kg3 Ra2 44. Rc7 Rc2 45. c4 a5 46. c5 a4 47. Ra7 Rxc5 48. Rxa4 Kg7 49. f3 1/2-1/2


[Site "https://www.chess.com"]

[Event "Titled Tuesday Blitz July 4 Early 2023"]
[White "Lenderman, Aleksandr"]
[Black "Samunenkov, Ihor"]
[WhiteFideId "2021285"]
[BlackFideId "14187086"]
[WhiteElo "2919"]
[BlackElo "2751"]
[Result "1/2-1/2"]
[Round "7"]
[TimeControl "180+2"]
[Date "2023.07.04"]
[WhiteClock "0:02:11"]
[BlackClock "0:00:29"]
[Board "12"]

1. Nf3 d5 2. e3 Nf6 3. c4 e6 4. Nc3 c6 5. b3 Bd6 6. Bb2 O-O 7. d4 Nbd7 8. Be2 b6 9. O-O Bb7 10. Qc2 Qe7 11. Rfe1 Rad8 12. e4 dxe4 13. Nxe4 Nxe4 14. Qxe4 Bb4 15. Rf1 Ba3 16. Bc3 Bb4 17. Bb2 Ba3 18. Bxa3 Qxa3 19. Bd3 Nf6 20. Qe3 c5 21. dxc5 Bxf3 22. Qxf3 bxc5 23. Rfd1 h6 24. Qe2 Rd4 25. Bc2 Rfd8 26. Rxd4 Rxd4 27. g3 Qa5 28. Rd1 Qc3 29. Rxd4 Qxd4 30. Kg2 g6 31. Bd3 Kg7 32. h3 h5 33. Qe3 Qxe3 34. fxe3 a5 35. Kf3 e5 36. Ke2 Kf8 37. Kd2 Ke7 38. Kc3 Kd6 39. a3 Nd7 40. b4 axb4+ 41. axb4 cxb4+ 42. Kxb4 Nc5 43. Bc2 Kc6 44. g4 hxg4 45. hxg4 g5 46. Bf5 Kb6 47. Bh7 f6 48. Bg8 Nd3+ 49. Kc3 Nc5 50. Kb4 Nd3+ 51. Kc3 Nc5 52. Kb4 1/2-1/2


[Site "https://www.chess.com"]

[Event "Titled Tuesday Blitz July 4 Early 2023"]
[White "Vokhidov, Shamsiddin"]
[Black "Goryachkina, Aleksandra"]
[WhiteFideId "14204223"]
[BlackFideId "4147103"]
[WhiteElo "2919"]
[BlackElo "2719"]
[Result "1-0"]
[Round "7"]
[TimeControl "180+2"]
[Date "2023.07.04"]
[WhiteClock "0:00:24"]
[BlackClock "0:00:00"]
[Board "13"]

1. e4 c5 2. Nf3 e6 3. g3 Nc6 4. Bg2 Nf6 5. Qe2 d5 6. exd5 Nxd5 7. O-O Be7 8. Rd1 O-O 9. d4 cxd4 10. Nxd4 Qb6 11. Nxc6 bxc6 12. c4 Nf6 13. Nc3 Bb7 14. Be3 Qc7 15. Bf4 Qc8 16. Qf3 Rd8 17. Be5 Nd7 18. Bf4 Nf8 19. h4 Ng6 20. Be3 Ne5 21. Qe4 Nd7 22. Bf4 Nf8 23. h5 h6 24. Rxd8 Qxd8 25. Rd1 Qb6 26. Be5 Rd8 27. Qg4 f6 28. Bd4 c5 29. Be3 Bxg2 30. Bxh6 g5 31. Rxd8 Bxd8 32. Kxg2 Qc6+ 33. Kh2 Nd7 34. f4 Kf7 35. fxg5 Ne5 36. g6+ Ke7 37. Qe4 Qd7 38. Bf4 1-0


[Site "https://www.chess.com"]